Monarchs vs Harfangs
Created - February 10, 2020 at 23:36
Goals
|
| Monarchs |
2 |
3 |
1 |
6 |
| Harfangs |
1 |
1 |
1 |
3 |
|
Shots
|
| Monarchs |
15 |
13 |
12 |
40 |
| Harfangs |
12 |
8 |
19 |
39 |
|
1st period
1. Monarchs , Brett Connolly 5 (Nicolas Deslauriers 8, John Draeger 14) at 1:30
2. Monarchs , Brayden Point 9 (Andreas Martinsen 31, Luke Witkowski 28) at 13:23
3. Harfangs , Cristoval Nieves 7 (Morgan Klimchuk 11, Mark Alt 9) at 14:11
Penalties :
Rinat Valiev (BEA) for Elbowing (Minor) at 16:37
2nd period
4. Monarchs , Max Domi 23 (Tim Schaller 29, Morgan Rielly 15) at 6:04
5. Harfangs , Nick Shore 13 (Mark Alt 10) at 7:05
6. Monarchs , Luke Witkowski 19 (Andreas Martinsen 32, Aaron Ekblad 14) at 7:53
7. Monarchs , Anthony Mantha 10 (Max Domi 40, Tim Schaller 30) at 8:05
Penalties :
Luke Witkowski (MAN) for Hooking (Minor) at 0:49, Michael Bournival (BEA) for Tripping (Minor) at 8:08
3rd period
8. Monarchs , Jimmy Hayes 17 (Teuvo Teravainen 1, Chris Tierney 30) at 12:43
9. Harfangs , Nick Shore 14 (Sven Andrighetto 6) at 16:51
Penalties :
Anthony Mantha (MAN) for Holding (Minor) at 14:08
Goalie Stats
Jason Missiaen (MAN), 36 saves from 39 shots - (0.923), W, 10-5-0, 60:00 minutes
Anton Forsberg (BEA), 17 saves from 22 shots - (0.773), L, 15-12-2, 28:05 minutes
Ilya Sorokin (BEA), 17 saves from 18 shots - (0.944), 31:55 minutes
Players Stats for Monarchs
Player Name G A P +/- PIM S H SB GA TA FO MP PP MP PK MP
------------------------------------------------------------------------------------
Aaron Ekblad 0 1 1 2 0 0 1 4 1 2 0/0 23:06 2:24 1:17
Andreas Martinsen 0 2 2 2 0 3 1 0 0 0 0/0 16:44 1:34 1:26
Anthony Mantha 1 0 1 0 2 6 3 0 0 0 1/2 18:53 2:16 0:55
Brayden Point 1 0 1 2 0 1 2 0 0 0 5/11 15:36 2:16 0:00
Brett Connolly 1 0 1 0 0 4 1 0 1 0 1/1 9:14 0:00 0:00
Chris Tierney 0 1 1 1 0 1 0 0 3 0 8/13 17:23 1:42 2:17
Elias Lindholm 0 0 0 0 0 3 0 0 0 0 1/4 9:21 0:00 0:06
Griffin Reinhart 0 0 0 1 0 1 0 1 0 0 0/0 11:44 2:24 0:00
Jeff Petry 0 0 0 -1 0 0 0 0 0 1 0/0 7:15 0:00 0:00
Jimmy Hayes 1 0 1 1 0 2 1 0 1 0 1/3 15:06 1:42 0:00
John Draeger 0 1 1 1 0 1 0 0 0 0 0/0 12:19 0:00 2:41
Luke Witkowski 1 1 2 2 2 4 1 0 0 0 1/3 14:48 0:00 1:06
Max Domi 1 1 2 0 0 4 2 0 1 0 0/1 17:58 2:16 0:00
Morgan Rielly 0 1 1 1 0 3 1 0 0 0 0/0 17:20 1:34 0:00
Nicolas Deslauriers 0 1 1 0 0 2 1 0 1 0 0/0 10:03 0:00 0:49
Samuel Morin 0 0 0 2 0 0 2 1 0 0 0/0 20:16 0:00 1:17
Scott Mayfield 0 0 0 -1 0 1 0 0 0 0 0/0 7:15 0:00 0:00
Teuvo Teravainen 0 1 1 1 0 1 1 0 1 1 1/3 15:06 1:42 0:00
Tim Schaller 0 2 2 0 0 3 0 0 1 0 12/22 17:22 0:00 1:17
Zach Trotman 0 0 0 1 0 0 1 0 0 0 0/0 19:11 0:00 2:41
Players Stats for Harfangs
Player Name G A P +/- PIM S H SB GA TA FO MP PP MP PK MP
------------------------------------------------------------------------------------
Anthony Angello 0 0 0 0 0 0 0 0 0 0 0/0 0:00 0:00 0:00
Brandon McMillan 0 0 0 -3 0 1 0 1 0 0 1/1 15:38 1:37 0:00
Brendan Leipsic 0 0 0 0 0 0 0 0 0 0 0/0 0:04 0:04 0:00
Brenden Kichton 0 0 0 1 0 0 0 1 0 1 0/0 12:10 0:00 0:00
Calle Jarnkrok 0 0 0 -3 0 5 1 0 0 0 4/8 16:19 1:37 0:35
Cristoval Nieves 1 0 1 0 0 8 0 0 0 0 1/4 9:21 0:00 0:37
Devon Teows 0 0 0 1 0 0 1 0 0 0 0/0 12:10 0:00 0:00
Dylan Olsen 0 0 0 -2 0 3 4 3 0 1 0/0 28:31 2:50 2:00
Erik Nystrom 0 0 0 2 0 1 1 1 0 0 0/0 11:08 0:00 0:00
Jake Dotchin 0 0 0 -2 0 0 0 7 0 0 0/0 19:19 1:08 1:58
JC Lipon 0 0 0 0 0 0 0 0 0 0 0/0 0:00 0:00 0:00
Justin Kirkland 0 0 0 0 0 0 0 0 0 0 0/0 0:00 0:00 0:00
Laurent Dauphin 0 0 0 0 0 0 0 0 0 0 0/0 1:42 0:00 1:38
Lucas Wallmarkk 0 0 0 0 0 0 0 0 0 0 0/0 0:04 0:04 0:00
Mark Alt 0 2 2 -2 0 0 0 1 0 3 0/0 19:19 1:08 1:58
Michael Bournival 0 0 0 -2 2 3 0 1 1 0 0/1 21:19 2:17 0:56
Morgan Klimchuk 0 1 1 0 0 3 0 1 0 1 1/1 10:08 0:00 1:20
Nick Shore 2 0 2 2 0 3 1 0 0 0 4/8 11:08 0:00 0:00
Nick Sorensen 0 0 0 0 0 0 0 0 0 0 0/0 8:44 0:00 0:00
Reid McNeill 0 0 0 -2 0 0 1 1 0 1 0/0 23:24 2:50 2:00
Rinat Valiev 0 0 0 0 2 0 0 0 0 0 0/0 5:10 0:00 0:00
Ryan Hartman 0 0 0 -3 0 1 3 0 1 0 0/0 15:38 1:37 0:00
Sven Andrighetto 0 1 1 2 0 2 2 0 0 0 0/0 11:08 0:00 0:00
Tyler Brenner 0 0 0 -2 0 2 0 0 0 2 20/37 21:03 2:21 0:35
Tyler Randell 0 0 0 -2 0 7 3 1 2 1 1/3 22:33 2:17 2:15
3 Stars
1 - Nick Shore (BEA)
2 - Max Domi (MAN)
3 - Brayden Point (MAN)
Power Play
Monarchs - 0 on 2 Attempt(s) - 0.00%
Harfangs - 0 on 2 Attempt(s) - 0.00%
Penalty Kill
Monarchs - 2 on 2 Attempt(s) - 100.00%
- Score 0 goal in Penalty Kill
Harfangs - 2 on 2 Attempt(s) - 100.00%
- Score 0 goal in Penalty Kill
Team Stat
Monarchs - Hits : 18 - Faceoff Wins : 31 - Blocked Shots : 6 - Penalty Minutes : 4
Harfangs - Hits : 17 - Faceoff Wins : 32 - Blocked Shots : 18 - Penalty Minutes : 4
Official
Referees : Unknown
Linesman : Unknown
Game Notes
Ilya Sorokin enters game at 8:05 of 2nd period
Finance
Level 1 -- Attendance: 2000 (100.00%) -- Ticket Income $68,000
Level 2 -- Attendance: 718 (71.80%) -- Ticket Income $13,642
Total Attendance: 2718 (90.60%)
Total Ticket Income: $81,642
Other Income: $4,082
Total Income: $85,724
Monarchs
5 vs 5 Forward
Center Left Wing Right Wing Time % Phy DF OF
1 Tim Schaller Max Domi Anthony Mantha 35 1 2 2
2 Chris Tierney Teuvo Teravainen Jimmy Hayes 30 1 2 2
3 Brayden Point Andreas Martinsen Luke Witkowski 30 1 2 2
4 Elias Lindholm Nicolas Deslauriers Brett Connolly 5 1 2 2
5 vs 5 Defense
Defense Defense Time % Phy DF OF
1 Samuel Morin Aaron Ekblad 40 1 3 1
2 Zach Trotman Morgan Rielly 30 0 2 3
3 John Draeger Griffin Reinhart 20 0 3 2
4 Jeff Petry Scott Mayfield 10 1 3 1
PowerPlay Forward
Center Left Wing Right Wing Time % Phy DF OF
1 Brayden Point Max Domi Anthony Mantha 60 1 0 4
2 Chris Tierney Teuvo Teravainen Jimmy Hayes 40 1 0 4
PowerPlay Defense
Defense Defense Time % Phy DF OF
1 Aaron Ekblad Griffin Reinhart 60 0 3 2
2 Andreas Martinsen Morgan Rielly 40 0 3 2
Penalty Kill 4 Players Forward
Center Wing Time % Phy DF OF
1 Chris Tierney Luke Witkowski 60 1 3 1
2 Tim Schaller Nicolas Deslauriers 40 1 3 1
Penalty Kill 4 Players Defense
Defense Defense Time % Phy DF OF
1 John Draeger Zach Trotman 60 1 4 0
2 Samuel Morin Aaron Ekblad 40 1 4 0
Penalty Kill - 3 Players Forward
Forward Time % Phy DF OF
1 Chris Tierney 60 1 3 1
2 Andreas Martinsen 40 1 3 1
Penalty Kill - 3 Players Defense
Defense Defense Time % Phy DF OF
1 John Draeger Zach Trotman 60 1 4 0
2 Aaron Ekblad Samuel Morin 40 1 4 0
4 vs 4 Forward
Center Wing Time % Phy DF OF
1 Max Domi Anthony Mantha 60 1 2 2
2 Chris Tierney Teuvo Teravainen 40 1 2 2
4 vs 4 Defense
Defense Defense Time % Phy DF OF
1 Aaron Ekblad Samuel Morin 60 1 2 2
2 Zach Trotman Griffin Reinhart 40 1 2 2
Last Minutes Offensive
Center Left Wing Right Wing Defense Defense
Chris Tierney Max Domi Anthony Mantha Aaron Ekblad Morgan Rielly
Last Minutes Defensive
Center Left Wing Right Wing Defense Defense
Chris Tierney Nicolas Deslauriers Luke Witkowski John Draeger Zach Trotman
Goaltenders
Starting : Jason Missiaen
Backup : Eric Comrie
Extra Forwards
Normal : Max Domi, Teuvo Teravainen, Brayden Point - PP : Luke Witkowski, Elias Lindholm - PK : Anthony Mantha
Extra Defensemen
Normal : Samuel Morin, Aaron Ekblad, Morgan Rielly - PP : Zach Trotman - PK : Griffin Reinhart, Scott Mayfield
Penalty Shots
Teuvo Teravainen, Brayden Point, Anthony Mantha, Elias Lindholm, Brett Connolly
Scratches
Cedric Paquette (Healthy), Colton Sissons (Healthy), Mike Hoffman (Healthy), Keith Yandle (Healthy), Joel Vermin (Healthy)
Anthony Peluso (Healthy), Gustav Forsling (Healthy), Chase De Leo (Healthy)
Harfangs
5 vs 5 Forward
Center Left Wing Right Wing Time % Phy DF OF
1 Tyler Brenner Michael Bournival Tyler Randell 40 1 2 2
2 Calle Jarnkrok Brandon McMillan Ryan Hartman 30 1 2 2
3 Nick Shore Erik Nystrom Sven Andrighetto 20 1 2 2
4 Cristoval Nieves Morgan Klimchuk Nick Sorensen 10 1 2 2
5 vs 5 Defense
Defense Defense Time % Phy DF OF
1 Dylan Olsen Reid McNeill 40 1 2 2
2 Jake Dotchin Mark Alt 30 1 2 2
3 Brenden Kichton Devon Teows 20 1 2 2
4 Rinat Valiev Dylan Olsen 10 1 2 2
PowerPlay Forward
Center Left Wing Right Wing Time % Phy DF OF
1 Tyler Brenner Michael Bournival Tyler Randell 60 1 2 2
2 Calle Jarnkrok Brandon McMillan Ryan Hartman 40 1 2 2
PowerPlay Defense
Defense Defense Time % Phy DF OF
1 Dylan Olsen Reid McNeill 60 1 2 2
2 Jake Dotchin Mark Alt 40 1 2 2
Penalty Kill 4 Players Forward
Center Wing Time % Phy DF OF
1 Tyler Randell Michael Bournival 60 1 2 2
2 Tyler Brenner Calle Jarnkrok 40 1 2 2
Penalty Kill 4 Players Defense
Defense Defense Time % Phy DF OF
1 Dylan Olsen Reid McNeill 60 1 2 2
2 Jake Dotchin Mark Alt 40 1 2 2
Penalty Kill - 3 Players Forward
Forward Time % Phy DF OF
1 Tyler Randell 60 1 2 2
2 Michael Bournival 40 1 2 2
Penalty Kill - 3 Players Defense
Defense Defense Time % Phy DF OF
1 Dylan Olsen Reid McNeill 60 1 2 2
2 Jake Dotchin Mark Alt 40 1 2 2
4 vs 4 Forward
Center Wing Time % Phy DF OF
1 Tyler Randell Michael Bournival 60 1 2 2
2 Tyler Brenner Calle Jarnkrok 40 1 2 2
4 vs 4 Defense
Defense Defense Time % Phy DF OF
1 Dylan Olsen Reid McNeill 60 1 2 2
2 Jake Dotchin Mark Alt 40 1 2 2
Last Minutes Offensive
Center Left Wing Right Wing Defense Defense
Tyler Brenner Michael Bournival Tyler Randell Dylan Olsen Reid McNeill
Last Minutes Defensive
Center Left Wing Right Wing Defense Defense
Tyler Brenner Michael Bournival Tyler Randell Dylan Olsen Reid McNeill
Goaltenders
Starting : Anton Forsberg
Backup : Ilya Sorokin
Extra Forwards
Normal : Brendan Leipsic, Lucas Wallmarkk, Laurent Dauphin - PP : Brendan Leipsic, Lucas Wallmarkk - PK : Laurent Dauphin
Extra Defensemen
Normal : Brenden Kichton, Devon Teows, Rinat Valiev - PP : Brenden Kichton - PK : Devon Teows, Rinat Valiev
Penalty Shots
Tyler Randell, Michael Bournival, Tyler Brenner, Calle Jarnkrok, Brandon McMillan
Scratches
Blake Heinrich (Left Eye Injury), Victor Bartley (Healthy), Jason Kasdorf (Healthy), Mark Visentin (Healthy), Scott Wedgewood (Healthy)
Zachary Fucale (Healthy)
% Time on Ice - Monarchs
Lines # - Real PCT - Wanted PCT - Time Play
Normal Forward
1 - 31% - 35% - 16:06
2 - 26% - 30% - 13:24
3 - 26% - 30% - 13:20
4 - 18% - 5% - 9:14
Normal Defense
1 - 39% - 40% - 20:09
2 - 30% - 30% - 15:46
3 - 17% - 20% - 8:54
4 - 14% - 10% - 7:15
PP Forward
1 - 57% - 60% - 2:16
2 - 43% - 40% - 1:42
PP Defense
1 - 61% - 60% - 2:24
2 - 39% - 40% - 1:34
PK Forward
1 - 94% - 60% - 3:43
2 - 6% - 40% - 0:15
PK Defense
1 - 68% - 60% - 2:41
2 - 32% - 40% - 1:17
PK3 Forward
1 - 0% - 60%
2 - 0% - 40%
PK3 Defense
1 - 0% - 60%
2 - 0% - 40%
44 Forward
1 - 0% - 60%
2 - 0% - 40%
44 Defense
1 - 0% - 60%
2 - 0% - 40%
Last Minute Offensive - 0:00
Last Minute Defensive - 0:00
Total
Forward - 60:00
Defense - 60:00
|
% Time on Ice - Harfangs
Lines # - Real PCT - Wanted PCT - Time Play
Normal Forward
1 - 35% - 40% - 18:05
2 - 27% - 30% - 14:07
3 - 21% - 20% - 11:08
4 - 17% - 10% - 8:44
Normal Defense
1 - 36% - 40% - 18:34
2 - 31% - 30% - 16:13
3 - 23% - 20% - 12:10
4 - 10% - 10% - 5:07
PP Forward
1 - 59% - 60% - 2:21
2 - 41% - 40% - 1:37
PP Defense
1 - 71% - 60% - 2:50
2 - 29% - 40% - 1:08
PK Forward
1 - 85% - 60% - 3:23
2 - 15% - 40% - 0:35
PK Defense
1 - 50% - 60% - 2:00
2 - 50% - 40% - 1:58
PK3 Forward
1 - 0% - 60%
2 - 0% - 40%
PK3 Defense
1 - 0% - 60%
2 - 0% - 40%
44 Forward
1 - 0% - 60%
2 - 0% - 40%
44 Defense
1 - 0% - 60%
2 - 0% - 40%
Last Minute Offensive - 0:00
Last Minute Defensive - 0:00
Total
Forward - 60:00
Defense - 60:00
|
Play-by-Play
1st period
0:01 of 1st period - Tyler Brenner wins face-off versus Tim Schaller in neutral zone.
1:07 of 1st period - Wrist shot by Nicolas Deslauriers.
1:07 of 1st period - Shot Blocked by Morgan Klimchuk.
1:09 of 1st period - Wrist shot by Elias Lindholm.
1:09 of 1st period - Stopped by Anton Forsberg without a rebound.
1:10 of 1st period - Tyler Brenner wins face-off versus Elias Lindholm in Harfangs zone.
1:18 of 1st period - Wrist shot by Griffin Reinhart.
1:18 of 1st period - Shot Misses the Net.
1:20 of 1st period - Slapshot by John Draeger.
1:20 of 1st period - Deflect By Elias Lindholm.
1:20 of 1st period - Stopped by Anton Forsberg with a rebound.
1:30 of 1st period - Wrist shot by Brett Connolly.
1:30 of 1st period - Goal by Brett Connolly - Monarchs : 1 - Harfangs : 0.
1:31 of 1st period - Tim Schaller wins face-off versus Calle Jarnkrok in neutral zone.
1:40 of 1st period - Backhand shot by Max Domi.
1:40 of 1st period - Stopped by Anton Forsberg without a rebound.
1:41 of 1st period - Tim Schaller wins face-off versus Calle Jarnkrok in Harfangs zone.
1:48 of 1st period - Snap shot by Max Domi.
1:48 of 1st period - Shot Misses the Net.
2:24 of 1st period - Snap shot by Max Domi.
2:24 of 1st period - Deflect By Anthony Mantha.
2:24 of 1st period - Stopped by Anton Forsberg with a rebound.
2:26 of 1st period - Snap shot by Samuel Morin.
2:26 of 1st period - Shot Blocked by Brandon McMillan.
2:28 of 1st period - Wrist shot by Anthony Mantha.
2:28 of 1st period - Shot Blocked by Jake Dotchin.
2:30 of 1st period - Snap shot by Tim Schaller.
2:30 of 1st period - Deflect By Anthony Mantha.
2:30 of 1st period - Shot Misses the Net.
2:30 of 1st period - Puck is out of play.
2:31 of 1st period - Chris Tierney wins face-off versus Tyler Brenner in Harfangs zone.
2:58 of 1st period - Luke Witkowski is hit by Nick Shore and loses puck.
3:24 of 1st period - Snap shot by Andreas Martinsen.
3:24 of 1st period - Shot Misses the Net.
4:34 of 1st period - Slapshot by Morgan Rielly.
4:34 of 1st period - Stopped by Anton Forsberg with a rebound.
5:03 of 1st period - Snap shot by Brett Connolly.
5:03 of 1st period - Stopped by Anton Forsberg without a rebound.
5:04 of 1st period - Tyler Brenner wins face-off versus Elias Lindholm in Harfangs zone.
5:19 of 1st period - Snap shot by Nicolas Deslauriers.
5:19 of 1st period - Stopped by Anton Forsberg with a rebound.
5:41 of 1st period - Snap shot by Ryan Hartman.
5:41 of 1st period - Stopped by Jason Missiaen with a rebound.
5:43 of 1st period - Wrist shot by Calle Jarnkrok.
5:43 of 1st period - Stopped by Jason Missiaen with a rebound.
5:45 of 1st period - Snap shot by Brandon McMillan.
5:45 of 1st period - Stopped by Jason Missiaen without a rebound.
5:46 of 1st period - Chris Tierney wins face-off versus Nick Shore in Monarchs zone.
5:46 of 1st period - Chris Tierney is hit by Sven Andrighetto.
6:02 of 1st period - Snap shot by Nick Shore.
6:02 of 1st period - Shot Misses the Net.
6:12 of 1st period - Reid McNeill is hit by Luke Witkowski and loses puck.
6:44 of 1st period - Morgan Klimchuk is hit by Aaron Ekblad and loses puck.
6:57 of 1st period - Wrist shot by Andreas Martinsen.
6:57 of 1st period - Stopped by Anton Forsberg without a rebound.
6:58 of 1st period - Tyler Brenner wins face-off versus Tim Schaller in Harfangs zone.
7:30 of 1st period - Off-side.
7:31 of 1st period - Nick Shore wins face-off versus Chris Tierney in neutral zone.
8:14 of 1st period - Icing by Tyler Randell.
8:15 of 1st period - Brayden Point wins face-off versus Tyler Brenner in Harfangs zone.
8:16 of 1st period - Wrist shot by Luke Witkowski.
8:16 of 1st period - Stopped by Anton Forsberg without a rebound.
8:17 of 1st period - Chris Tierney wins face-off versus Tyler Brenner in Harfangs zone.
8:43 of 1st period - John Draeger is hit by Calle Jarnkrok and loses puck.
8:52 of 1st period - Snap shot by Brandon McMillan.
8:52 of 1st period - Deflect By Calle Jarnkrok.
8:52 of 1st period - Shot Misses the Net.
8:52 of 1st period - Puck is out of play.
8:53 of 1st period - Brayden Point wins face-off versus Nick Shore in Monarchs zone.
9:00 of 1st period - Snap shot by Andreas Martinsen.
9:00 of 1st period - Shot Blocked by Jake Dotchin.
9:18 of 1st period - Slapshot by Tyler Randell.
9:18 of 1st period - Stopped by Jason Missiaen with a rebound.
9:36 of 1st period - Off-side.
9:37 of 1st period - Calle Jarnkrok wins face-off versus Chris Tierney in neutral zone.
10:02 of 1st period - Zach Trotman is hit by Dylan Olsen and loses puck.
10:51 of 1st period - Icing by Chris Tierney.
10:52 of 1st period - Nick Shore wins face-off versus Teuvo Teravainen in Monarchs zone.
10:53 of 1st period - Wrist shot by Sven Andrighetto.
10:53 of 1st period - Stopped by Jason Missiaen with a rebound.
11:17 of 1st period - Wrist shot by Calle Jarnkrok.
11:17 of 1st period - Stopped by Jason Missiaen with a rebound.
11:46 of 1st period - Wrist shot by Elias Lindholm.
11:46 of 1st period - Shot Misses the Net.
11:48 of 1st period - Snap shot by Elias Lindholm.
11:48 of 1st period - Deflect By Brett Connolly.
11:48 of 1st period - Shot Blocked by Reid McNeill.
11:48 of 1st period - Puck is out of play.
11:49 of 1st period - Tyler Brenner wins face-off versus Brayden Point in Harfangs zone.
11:49 of 1st period - Tyler Brenner is hit by Zach Trotman.
12:03 of 1st period - Wrist shot by Andreas Martinsen.
12:03 of 1st period - Stopped by Anton Forsberg with a rebound.
12:05 of 1st period - Wrist shot by Luke Witkowski.
12:05 of 1st period - Shot Misses the Net.
12:40 of 1st period - Backhand shot by Tim Schaller.
12:40 of 1st period - Deflect By Anthony Mantha.
12:40 of 1st period - Stopped by Anton Forsberg without a rebound.
12:41 of 1st period - Nick Shore wins face-off versus Tim Schaller in Harfangs zone.
12:46 of 1st period - Slapshot by Dylan Olsen.
12:46 of 1st period - Stopped by Jason Missiaen with a rebound.
13:08 of 1st period - Snap shot by Anthony Mantha.
13:08 of 1st period - Stopped by Anton Forsberg with a rebound.
13:10 of 1st period - Snap shot by Anthony Mantha.
13:10 of 1st period - Stopped by Anton Forsberg without a rebound.
13:11 of 1st period - Calle Jarnkrok wins face-off versus Brayden Point in Harfangs zone.
13:18 of 1st period - Calle Jarnkrok is hit by Brayden Point and loses puck.
13:23 of 1st period - Wrist shot by Andreas Martinsen.
13:23 of 1st period - Deflect By Brayden Point.
13:23 of 1st period - Goal by Brayden Point - Monarchs : 2 - Harfangs : 0.
13:24 of 1st period - Jimmy Hayes wins face-off versus Tyler Brenner in neutral zone.
13:32 of 1st period - Wrist shot by Michael Bournival.
13:32 of 1st period - Stopped by Jason Missiaen with a rebound.
14:09 of 1st period - Wrist shot by Morgan Klimchuk.
14:09 of 1st period - Deflect By Cristoval Nieves.
14:09 of 1st period - Stopped by Jason Missiaen with a rebound.
14:11 of 1st period - Wrist shot by Morgan Klimchuk.
14:11 of 1st period - Deflect By Cristoval Nieves.
14:11 of 1st period - Goal by Cristoval Nieves - Monarchs : 2 - Harfangs : 1.
14:12 of 1st period - Brayden Point wins face-off versus Michael Bournival in neutral zone.
15:12 of 1st period - Wrist shot by Calle Jarnkrok.
15:12 of 1st period - Shot Misses the Net.
15:14 of 1st period - Backhand shot by Calle Jarnkrok.
15:14 of 1st period - Stopped by Jason Missiaen with a rebound.
16:30 of 1st period - Wrist shot by Morgan Klimchuk.
16:30 of 1st period - Stopped by Jason Missiaen without a rebound.
16:31 of 1st period - Tim Schaller wins face-off versus Cristoval Nieves in Monarchs zone.
16:37 of 1st period - Minor Penalty to Rinat Valiev for Elbowing.
16:38 of 1st period - Brayden Point wins face-off versus Tyler Randell in Harfangs zone.
18:37 of 1st period - Penalty to Rinat Valiev is over, Rinat Valiev is back on ice.
19:25 of 1st period - Snap shot by Cristoval Nieves.
19:25 of 1st period - Shot Misses the Net.
Goals for this period are 2 for Monarchs vs 1 for Harfangs.
Shots for this period are 15 for Monarchs vs 12 for Harfangs.
2nd period
0:01 of 2nd period - Tim Schaller wins face-off versus Tyler Brenner in neutral zone.
0:25 of 2nd period - Jimmy Hayes is hit by Dylan Olsen and loses puck.
0:49 of 2nd period - Minor Penalty to Luke Witkowski for Hooking.
0:50 of 2nd period - Tyler Brenner wins face-off versus Chris Tierney in Monarchs zone.
0:54 of 2nd period - Wrist shot by Michael Bournival.
0:54 of 2nd period - Stopped by Jason Missiaen with a rebound.
0:56 of 2nd period - Snap shot by Dylan Olsen.
0:56 of 2nd period - Stopped by Jason Missiaen with a rebound.
0:58 of 2nd period - Wrist shot by Tyler Brenner.
0:58 of 2nd period - Shot Misses the Net.
1:00 of 2nd period - Slapshot by Dylan Olsen.
1:00 of 2nd period - Deflect By Michael Bournival.
1:00 of 2nd period - Shot Misses the Net.
1:00 of 2nd period - Puck is out of play.
1:01 of 2nd period - Tyler Brenner wins face-off versus Chris Tierney in Monarchs zone.
2:49 of 2nd period - Penalty to Luke Witkowski is over, Luke Witkowski is back on ice.
3:25 of 2nd period - Snap shot by Morgan Klimchuk.
3:25 of 2nd period - Stopped by Jason Missiaen without a rebound.
3:26 of 2nd period - Chris Tierney wins face-off versus Nick Shore in Monarchs zone.
3:31 of 2nd period - Jake Dotchin is hit by Jimmy Hayes and loses puck.
3:52 of 2nd period - Mark Alt is hit by Anthony Mantha and loses puck.
5:22 of 2nd period - Snap shot by Calle Jarnkrok.
5:22 of 2nd period - Stopped by Jason Missiaen with a rebound.
5:32 of 2nd period - Zach Trotman is hit by Tyler Randell and loses puck.
5:48 of 2nd period - Icing by Andreas Martinsen.
5:49 of 2nd period - Tim Schaller wins face-off versus Cristoval Nieves in Monarchs zone.
6:02 of 2nd period - Slapshot by Tim Schaller.
6:02 of 2nd period - Stopped by Anton Forsberg with a rebound.
6:04 of 2nd period - Slapshot by Max Domi.
6:04 of 2nd period - Goal by Max Domi - Monarchs : 3 - Harfangs : 1.
6:05 of 2nd period - Tyler Brenner wins face-off versus Luke Witkowski in neutral zone.
6:55 of 2nd period - Slapshot by Sven Andrighetto.
6:55 of 2nd period - Deflect By Erik Nystrom.
6:55 of 2nd period - Stopped by Jason Missiaen without a rebound.
6:56 of 2nd period - Nick Shore wins face-off versus Tim Schaller in Monarchs zone.
7:05 of 2nd period - Snap shot by Nick Shore.
7:05 of 2nd period - Goal by Nick Shore - Monarchs : 3 - Harfangs : 2.
7:06 of 2nd period - Tim Schaller wins face-off versus Tyler Brenner in neutral zone.
7:12 of 2nd period - Slapshot by Tim Schaller.
7:12 of 2nd period - Stopped by Anton Forsberg with a rebound.
7:14 of 2nd period - Slapshot by John Draeger.
7:14 of 2nd period - Shot Blocked by Dylan Olsen.
7:16 of 2nd period - Slapshot by Griffin Reinhart.
7:16 of 2nd period - Stopped by Anton Forsberg with a rebound.
7:18 of 2nd period - Slapshot by John Draeger.
7:18 of 2nd period - Stopped by Anton Forsberg without a rebound.
7:19 of 2nd period - Chris Tierney wins face-off versus Tyler Brenner in Harfangs zone.
7:53 of 2nd period - Wrist shot by Andreas Martinsen.
7:53 of 2nd period - Deflect By Luke Witkowski.
7:53 of 2nd period - Goal by Luke Witkowski - Monarchs : 4 - Harfangs : 2.
7:54 of 2nd period - Tim Schaller wins face-off versus Tyler Brenner in neutral zone.
8:05 of 2nd period - Backhand shot by Anthony Mantha.
8:05 of 2nd period - Goal by Anthony Mantha - Monarchs : 5 - Harfangs : 2.
8:05 of 2nd period - Ilya Sorokin enters game.
8:06 of 2nd period - Tyler Brenner wins face-off versus Brayden Point in neutral zone.
8:08 of 2nd period - Minor Penalty to Michael Bournival for Tripping.
8:09 of 2nd period - Tyler Randell wins face-off versus Brayden Point in Harfangs zone.
8:35 of 2nd period - Aaron Ekblad is hit by Dylan Olsen.
8:39 of 2nd period - Backhand shot by Chris Tierney.
8:39 of 2nd period - Deflect By Jimmy Hayes.
8:39 of 2nd period - Stopped by Ilya Sorokin without a rebound.
8:40 of 2nd period - Morgan Klimchuk wins face-off versus Brayden Point in Harfangs zone.
8:40 of 2nd period - Morgan Klimchuk is hit by Anthony Mantha.
8:50 of 2nd period - Wrist shot by Morgan Rielly.
8:50 of 2nd period - Shot Blocked by Jake Dotchin.
8:52 of 2nd period - Slapshot by Morgan Rielly.
8:52 of 2nd period - Shot Blocked by Tyler Randell.
8:54 of 2nd period - Snap shot by Brayden Point.
8:54 of 2nd period - Shot Blocked by Jake Dotchin.
9:56 of 2nd period - Max Domi is hit by Reid McNeill.
10:08 of 2nd period - Penalty to Michael Bournival is over, Michael Bournival is back on ice.
10:25 of 2nd period - Wrist shot by Nicolas Deslauriers.
10:25 of 2nd period - Shot Misses the Net.
10:43 of 2nd period - Wrist shot by Calle Jarnkrok.
10:43 of 2nd period - Stopped by Jason Missiaen with a rebound.
10:57 of 2nd period - Slapshot by Brett Connolly.
10:57 of 2nd period - Stopped by Ilya Sorokin with a rebound.
10:59 of 2nd period - Snap shot by Brett Connolly.
10:59 of 2nd period - Shot Misses the Net.
11:01 of 2nd period - Snap shot by Elias Lindholm.
11:01 of 2nd period - Stopped by Ilya Sorokin with a rebound.
11:03 of 2nd period - Slapshot by Scott Mayfield.
11:03 of 2nd period - Stopped by Ilya Sorokin with a rebound.
11:19 of 2nd period - Snap shot by Nicolas Deslauriers.
11:19 of 2nd period - Shot Blocked by Brenden Kichton.
11:55 of 2nd period - Wrist shot by Brett Connolly.
11:55 of 2nd period - Stopped by Ilya Sorokin without a rebound.
11:56 of 2nd period - Tim Schaller wins face-off versus Tyler Brenner in Harfangs zone.
13:07 of 2nd period - Backhand shot by Cristoval Nieves.
13:07 of 2nd period - Stopped by Jason Missiaen with a rebound.
13:41 of 2nd period - Sven Andrighetto is hit by Andreas Martinsen and loses puck.
15:29 of 2nd period - Griffin Reinhart is hit by Erik Nystrom and loses puck.
15:54 of 2nd period - Wrist shot by Nick Shore.
15:54 of 2nd period - Shot Misses the Net.
16:08 of 2nd period - Wrist shot by Tyler Brenner.
16:08 of 2nd period - Shot Blocked by Aaron Ekblad.
16:14 of 2nd period - Michael Bournival is hit by Brett Connolly and loses puck.
17:07 of 2nd period - Slapshot by Teuvo Teravainen.
17:07 of 2nd period - Stopped by Ilya Sorokin without a rebound.
17:08 of 2nd period - Tim Schaller wins face-off versus Tyler Brenner in Harfangs zone.
17:33 of 2nd period - Morgan Rielly is hit by Ryan Hartman.
17:48 of 2nd period - Brandon McMillan is hit by Teuvo Teravainen and loses puck.
18:01 of 2nd period - Slapshot by Aaron Ekblad.
18:01 of 2nd period - Deflect By Brett Connolly.
18:01 of 2nd period - Shot Blocked by Jake Dotchin.
18:01 of 2nd period - Puck is out of play.
18:02 of 2nd period - Tyler Brenner wins face-off versus Elias Lindholm in Harfangs zone.
18:13 of 2nd period - Snap shot by Brett Connolly.
18:13 of 2nd period - Shot Misses the Net.
18:27 of 2nd period - Samuel Morin is hit by Sven Andrighetto and loses puck.
18:56 of 2nd period - Slapshot by Brandon McMillan.
18:56 of 2nd period - Shot Misses the Net.
19:30 of 2nd period - John Draeger is hit by Tyler Randell and loses puck.
19:57 of 2nd period - Snap shot by Erik Nystrom.
19:57 of 2nd period - Shot Blocked by Aaron Ekblad.
19:59 of 2nd period - Snap shot by Erik Nystrom.
19:59 of 2nd period - Shot Blocked by Aaron Ekblad.
Goals for this period are 3 for Monarchs vs 1 for Harfangs.
Shots for this period are 13 for Monarchs vs 8 for Harfangs.
3rd period
0:01 of 3rd period - Anthony Mantha wins face-off versus Tyler Randell in neutral zone.
0:52 of 3rd period - Off-side.
0:53 of 3rd period - Tim Schaller wins face-off versus Tyler Brenner in neutral zone.
1:09 of 3rd period - Wrist shot by Max Domi.
1:09 of 3rd period - Stopped by Ilya Sorokin with a rebound.
1:20 of 3rd period - Jake Dotchin is hit by Samuel Morin and loses puck.
1:43 of 3rd period - Wrist shot by Cristoval Nieves.
1:43 of 3rd period - Shot Blocked by Aaron Ekblad.
1:45 of 3rd period - Slapshot by Devon Teows.
1:45 of 3rd period - Deflect By Cristoval Nieves.
1:45 of 3rd period - Stopped by Jason Missiaen with a rebound.
1:47 of 3rd period - Snap shot by Cristoval Nieves.
1:47 of 3rd period - Stopped by Jason Missiaen without a rebound.
1:48 of 3rd period - Cristoval Nieves wins face-off versus Brayden Point in Monarchs zone.
2:14 of 3rd period - Snap shot by Luke Witkowski.
2:14 of 3rd period - Stopped by Ilya Sorokin with a rebound.
2:16 of 3rd period - Snap shot by Andreas Martinsen.
2:16 of 3rd period - Shot Misses the Net.
2:26 of 3rd period - Snap shot by Morgan Klimchuk.
2:26 of 3rd period - Shot Blocked by Griffin Reinhart.
2:50 of 3rd period - Snap shot by Luke Witkowski.
2:50 of 3rd period - Stopped by Ilya Sorokin with a rebound.
2:56 of 3rd period - Slapshot by Reid McNeill.
2:56 of 3rd period - Shot Misses the Net.
2:58 of 3rd period - Slapshot by Reid McNeill.
2:58 of 3rd period - Shot Misses the Net.
3:00 of 3rd period - Slapshot by Reid McNeill.
3:00 of 3rd period - Deflect By Cristoval Nieves.
3:00 of 3rd period - Stopped by Jason Missiaen with a rebound.
3:02 of 3rd period - Snap shot by Morgan Klimchuk.
3:02 of 3rd period - Stopped by Jason Missiaen with a rebound.
3:08 of 3rd period - Slapshot by Cristoval Nieves.
3:08 of 3rd period - Stopped by Jason Missiaen with a rebound.
3:10 of 3rd period - Slapshot by Reid McNeill.
3:10 of 3rd period - Deflect By Nick Sorensen.
3:10 of 3rd period - Shot Misses the Net.
3:10 of 3rd period - Puck is out of play.
3:11 of 3rd period - Tyler Brenner wins face-off versus Tim Schaller in Monarchs zone.
3:21 of 3rd period - Icing by Samuel Morin.
3:22 of 3rd period - Tyler Brenner wins face-off versus Tim Schaller in Monarchs zone.
3:23 of 3rd period - Wrist shot by Tyler Randell.
3:23 of 3rd period - Stopped by Jason Missiaen without a rebound.
3:24 of 3rd period - Tim Schaller wins face-off versus Tyler Brenner in Monarchs zone.
3:40 of 3rd period - Off-side.
3:41 of 3rd period - Teuvo Teravainen wins face-off versus Calle Jarnkrok in neutral zone.
3:46 of 3rd period - Dylan Olsen is hit by Samuel Morin and loses puck.
4:07 of 3rd period - Tyler Brenner is hit by Anthony Mantha and loses puck.
4:16 of 3rd period - Wrist shot by Max Domi.
4:16 of 3rd period - Shot Blocked by Michael Bournival.
5:18 of 3rd period - Snap shot by Brett Connolly.
5:18 of 3rd period - Shot Misses the Net.
5:20 of 3rd period - Wrist shot by Nicolas Deslauriers.
5:20 of 3rd period - Stopped by Ilya Sorokin without a rebound.
5:21 of 3rd period - Tyler Brenner wins face-off versus Tim Schaller in Harfangs zone.
5:21 of 3rd period - Tyler Brenner is hit by Max Domi.
5:31 of 3rd period - Tim Schaller is hit by Tyler Randell and loses puck.
5:36 of 3rd period - Wrist shot by Tyler Brenner.
5:36 of 3rd period - Shot Misses the Net.
5:54 of 3rd period - Off-side.
5:55 of 3rd period - Chris Tierney wins face-off versus Tyler Brenner in neutral zone.
5:58 of 3rd period - Slapshot by Teuvo Teravainen.
5:58 of 3rd period - Shot Misses the Net.
6:00 of 3rd period - Wrist shot by Jimmy Hayes.
6:00 of 3rd period - Shot Blocked by Jake Dotchin.
6:02 of 3rd period - Slapshot by John Draeger.
6:02 of 3rd period - Shot Blocked by Jake Dotchin.
6:04 of 3rd period - Slapshot by John Draeger.
6:04 of 3rd period - Shot Blocked by Mark Alt.
6:06 of 3rd period - Wrist shot by Griffin Reinhart.
6:06 of 3rd period - Shot Misses the Net.
6:20 of 3rd period - Jake Dotchin is hit by Brayden Point and loses puck.
6:51 of 3rd period - Snap shot by Anthony Mantha.
6:51 of 3rd period - Shot Blocked by Dylan Olsen.
6:53 of 3rd period - Snap shot by Tim Schaller.
6:53 of 3rd period - Shot Misses the Net.
7:11 of 3rd period - Slapshot by Cristoval Nieves.
7:11 of 3rd period - Stopped by Jason Missiaen with a rebound.
7:13 of 3rd period - Slapshot by Morgan Klimchuk.
7:13 of 3rd period - Shot Misses the Net.
7:33 of 3rd period - Wrist shot by Michael Bournival.
7:33 of 3rd period - Shot Misses the Net.
7:47 of 3rd period - Slapshot by Aaron Ekblad.
7:47 of 3rd period - Deflect By Andreas Martinsen.
7:47 of 3rd period - Stopped by Ilya Sorokin with a rebound.
8:05 of 3rd period - Wrist shot by Max Domi.
8:05 of 3rd period - Shot Blocked by Erik Nystrom.
8:09 of 3rd period - Wrist shot by Max Domi.
8:09 of 3rd period - Shot Misses the Net.
8:11 of 3rd period - Slapshot by Tim Schaller.
8:11 of 3rd period - Stopped by Ilya Sorokin with a rebound.
8:13 of 3rd period - Wrist shot by Max Domi.
8:13 of 3rd period - Stopped by Ilya Sorokin with a rebound.
9:26 of 3rd period - Morgan Klimchuk is hit by Max Domi and loses puck.
9:47 of 3rd period - Jeff Petry is hit by Dylan Olsen and loses puck.
10:24 of 3rd period - Wrist shot by Andreas Martinsen.
10:24 of 3rd period - Shot Blocked by Dylan Olsen.
10:57 of 3rd period - Wrist shot by Nick Sorensen.
10:57 of 3rd period - Deflect By Tyler Randell.
10:57 of 3rd period - Stopped by Jason Missiaen with a rebound.
10:59 of 3rd period - Slapshot by Michael Bournival.
10:59 of 3rd period - Shot Misses the Net.
11:01 of 3rd period - Wrist shot by Tyler Randell.
11:01 of 3rd period - Stopped by Jason Missiaen without a rebound.
11:02 of 3rd period - Tyler Brenner wins face-off versus Tim Schaller in Monarchs zone.
11:11 of 3rd period - Wrist shot by Tyler Randell.
11:11 of 3rd period - Stopped by Jason Missiaen without a rebound.
11:12 of 3rd period - Tyler Brenner wins face-off versus Anthony Mantha in Monarchs zone.
12:13 of 3rd period - Tyler Brenner is hit by Morgan Rielly.
12:27 of 3rd period - Wrist shot by Anthony Mantha.
12:27 of 3rd period - Stopped by Ilya Sorokin with a rebound.
12:29 of 3rd period - Backhand shot by Morgan Rielly.
12:29 of 3rd period - Deflect By Michael Bournival.
12:29 of 3rd period - Stopped by Ilya Sorokin without a rebound.
12:30 of 3rd period - Chris Tierney wins face-off versus Calle Jarnkrok in Harfangs zone.
12:43 of 3rd period - Wrist shot by Jimmy Hayes.
12:43 of 3rd period - Goal by Jimmy Hayes - Monarchs : 6 - Harfangs : 2.
12:44 of 3rd period - Calle Jarnkrok wins face-off versus Chris Tierney in neutral zone.
13:28 of 3rd period - Off-side.
13:29 of 3rd period - Elias Lindholm wins face-off versus Cristoval Nieves in neutral zone.
13:32 of 3rd period - Jake Dotchin is hit by Nicolas Deslauriers and loses puck.
14:01 of 3rd period - Wrist shot by Tyler Randell.
14:01 of 3rd period - Stopped by Jason Missiaen without a rebound.
14:02 of 3rd period - Tyler Brenner wins face-off versus Max Domi in Monarchs zone.
14:08 of 3rd period - Minor Penalty to Anthony Mantha for Holding.
14:09 of 3rd period - Luke Witkowski wins face-off versus Tyler Brenner in Monarchs zone.
14:19 of 3rd period - Slapshot by Dylan Olsen.
14:19 of 3rd period - Stopped by Jason Missiaen without a rebound.
14:20 of 3rd period - Tyler Brenner wins face-off versus Luke Witkowski in Monarchs zone.
14:25 of 3rd period - Snap shot by Tyler Brenner.
14:25 of 3rd period - Shot Misses the Net.
16:08 of 3rd period - Penalty to Anthony Mantha is over, Anthony Mantha is back on ice.
16:14 of 3rd period - Snap shot by Nick Shore.
16:14 of 3rd period - Stopped by Jason Missiaen without a rebound.
16:15 of 3rd period - Brett Connolly wins face-off versus Nick Shore in Monarchs zone.
16:15 of 3rd period - Brett Connolly is hit by Devon Teows.
16:39 of 3rd period - Snap shot by Erik Nystrom.
16:39 of 3rd period - Deflect By Sven Andrighetto.
16:39 of 3rd period - Stopped by Jason Missiaen with a rebound.
16:51 of 3rd period - Wrist shot by Nick Shore.
16:51 of 3rd period - Goal by Nick Shore - Monarchs : 6 - Harfangs : 3.
16:52 of 3rd period - Tyler Brenner wins face-off versus Tim Schaller in neutral zone.
16:56 of 3rd period - Slapshot by Dylan Olsen.
16:56 of 3rd period - Shot Blocked by Samuel Morin.
16:58 of 3rd period - Snap shot by Tyler Brenner.
16:58 of 3rd period - Stopped by Jason Missiaen without a rebound.
16:59 of 3rd period - Tim Schaller wins face-off versus Tyler Brenner in Monarchs zone.
17:10 of 3rd period - Wrist shot by Michael Bournival.
17:10 of 3rd period - Stopped by Jason Missiaen without a rebound.
17:11 of 3rd period - Tyler Brenner wins face-off versus Jimmy Hayes in Monarchs zone.
17:14 of 3rd period - Snap shot by Tyler Randell.
17:14 of 3rd period - Shot Misses the Net.
17:16 of 3rd period - Snap shot by Reid McNeill.
17:16 of 3rd period - Deflect By Tyler Randell.
17:16 of 3rd period - Stopped by Jason Missiaen with a rebound.
17:22 of 3rd period - Snap shot by Tyler Brenner.
17:22 of 3rd period - Stopped by Jason Missiaen without a rebound.
17:23 of 3rd period - Tyler Brenner wins face-off versus Tim Schaller in Monarchs zone.
17:50 of 3rd period - Andreas Martinsen is hit by Ryan Hartman and loses puck.
19:00 of 3rd period - Anthony Mantha is hit by Ryan Hartman and loses puck.
19:15 of 3rd period - Slapshot by Morgan Rielly.
19:15 of 3rd period - Stopped by Ilya Sorokin without a rebound.
19:16 of 3rd period - Brayden Point wins face-off versus Tyler Brenner in Harfangs zone.
19:32 of 3rd period - Off-side.
19:33 of 3rd period - Calle Jarnkrok wins face-off versus Jimmy Hayes in neutral zone.
19:37 of 3rd period - Icing by Samuel Morin.
19:38 of 3rd period - Brandon McMillan wins face-off versus Teuvo Teravainen in Monarchs zone.
19:44 of 3rd period - Icing by Samuel Morin.
19:45 of 3rd period - Chris Tierney wins face-off versus Tyler Brenner in Monarchs zone.
19:58 of 3rd period - Wrist shot by Teuvo Teravainen.
19:58 of 3rd period - Deflect By Chris Tierney.
19:58 of 3rd period - Stopped by Ilya Sorokin with a rebound.
Goals for this period are 1 for Monarchs vs 1 for Harfangs.
Shots for this period are 12 for Monarchs vs 19 for Harfangs.
Back to the Top